 Dungeon Crawl Stone Soup version 0.31-a0-237-g2d982f9f85 (webtiles) character file.

Game seed: 13034552481604104871

25 qw the Shooter (level 3, 0/21 HPs)
             Began as a Gargoyle Hexslinger on July 10, 2023.
             Slain by a hobgoblin (2 damage)
             ... led by Robin
             ... on level 2 of the Dungeon.
             The game lasted 00:00:16 (768 turns).

qw the Shooter (Gargoyle Hexslinger)                 Turns: 768, Time: 00:00:17

Health: 0/21       AC:  8    Str: 11    XL:     3   Next: 4%
Magic:  4/4        EV: 10    Int: 13    God:
Gold:   30         SH:  0    Dex: 14    Spells: 3/4 levels left

rFire   . . .        Y - +1 sling
rCold   . . .        (no shield)
rNeg    + . .        i - +0 ring mail
rPois   inf          (no helmet)
rElec   +            (no cloak)
rCorr   .            (no gloves)
SInv    .            (no boots)
Will    .....        (no amulet)
Stlth   +            (no ring)
HPRegen 0.23/turn    (no ring)
MPRegen 0.09/turn

%: no passive effects
@: no status effects
A: sickness immunity, AC +3, negative energy resistance 1, electricity
resistance, torment resistance 1, petrification resistance
a: no special abilities


You were on level 2 of the Dungeon.
You visited 1 branch of the dungeon, and saw 2 of its levels.

You collected 30 gold pieces.


Innate Abilities, Weirdness & Mutations

You are immune to sickness and miasma.
Your stone body is resilient. (AC +3)
You are immune to poison.
You resist negative energy. (rN+)
You are resistant to electric shocks. (rElec)
You are resistant to unholy torment.
You are immune to petrification.


   Skills:
 - Level 2.0 Fighting
 + Level 3.0 Ranged Weapons
 - Level 1.5 Dodging
 - Level 1.0 Spellcasting
 - Level 2.6 Hexes


You had 3 spell levels left.
You knew the following spells:

 Your Spells              Type           Power      Damage    Failure   Level
a - Slow                  Hex            28%        N/A       22%         1

Your spell library contained the following spells:

 Spells                   Type           Power      Damage    Failure   Level
 Inner Flame              Hex/Fire       4%         N/A       75%         3
 Portal Projectile        Hex/Tloc       8%         N/A       75%         3
 Cause Fear               Hex            3%         N/A       92%         4

Inventory:

Hand Weapons
 Y - a +1 sling (weapon)
Armour
 i - a +0 ring mail (worn)
Scrolls
 a - a scroll of identify
Potions
 f - a potion of curing
 g - a potion of haste {unknown}
 h - a potion of degeneration {unknown}
 j - a potion of cancellation {unknown}

Dungeon Overview and Level Annotations

Branches:
Dungeon (2/15)

Altars:

Shops:
D:1 !

Annotations:
D:2 Robin


Message History

You shoot a sling bullet.
The sling bullet barely misses the goblin.
Robin throws the goblin at you!
The hobgoblin hits you but does no damage.
The goblin hits you but does no damage. The goblin barely misses you.
The goblin closely misses you. The hobgoblin barely misses you.
The goblin barely misses you.
You shoot a sling bullet.
The sling bullet closely misses the goblin.
Robin roars a battlecry!
The goblin goes into a battle-frenzy!
The goblin hits you but does no damage. x2
The hobgoblin hits you but does no damage.
You shoot a sling bullet. The sling bullet hits the goblin.
You kill the goblin!
The hobgoblin no longer looks unusually strong.
The goblin no longer looks unusually strong.
The goblin closely misses you.
Robin says, "Feeling lonely?"
Robin throws the goblin at you! The goblin closely misses you.
The hobgoblin hits you but does no damage.
You have reached level 3!
Your experience leads to an increase in your attributes!
Increase (S)trength, (I)ntelligence, or (D)exterity?
You feel agile. x2
You shoot a sling bullet.
The sling bullet barely misses the goblin.
The goblin hits you but does no damage.
Robin roars a battlecry!
The goblins go into a battle-frenzy!
The hobgoblin hits you.
The goblin hits you but does no damage. x2
The goblin closely misses you. The hobgoblin hits you.
You shoot a sling bullet. The sling bullet hits the goblin.
You kill the goblin!
The goblin hits you but does no damage. The hobgoblin hits you.
Your Fighting skill increases to level 2!
You shoot a sling bullet. The sling bullet hits the goblin!
You kill the goblin!
The hobgoblin hits you.
You die... #.# #.# ##. ... . #.# .gg ... ....# #gg #.# #.... #gg

#># ##### #.. #.#
#.. #.#
#.g######.###
#ggg@)......#
#.###)#####.#
#.###.# #.#
#.....# #.# ##
#####.#
#)########.
#.#####.........)
#.......#########
#########


You could see Robin and 3 hobgoblins.

Vanquished Creatures
  3 endoplasms (D:1)
  10 goblins
  A hobgoblin (D:2)
  A ball python (D:2)
  4 frilled lizards (D:1)
  2 kobolds (D:1)
  4 rats (D:1)
25 creatures vanquished.

Notes
Turn   | Place    | Note
-------+----------+-------------------------------------------
     0 | D:1      | qw the Gargoyle Hexslinger began the quest for the Orb.
     0 | D:1      | Reached XP level 1. HP: 12/12 MP: 2/2
     0 | D:1      | 0 ||| qw: Version: 0.3-a-52-g30416fa
     0 | D:1      | 0 ||| qw: Game counter: 4990
     0 | D:1      | 0 ||| qw: Melee chars always use a shield: true
     0 | D:1      | 0 ||| qw: God list: Okawaru
     0 | D:1      | 0 ||| qw: Allow faded altars: false
     0 | D:1      | 0 ||| qw: Do Orc after clearing Dungeon:15 true
     0 | D:1      | 0 ||| qw: Do second Lair branch before Depths: true
     0 | D:1      | 0 ||| qw: Lair rune preference: random
     0 | D:1      | 0 ||| qw: Goals: Normal
     0 | D:1      | 0 ||| PLANNING D:1-11
   124 | D:1      | Reached XP level 2. HP: 16/16 MP: 3/3
   200 | D:1      | Found Syg Degu's Distillery.
   208 | D:1      | 208 ||| SHOPLISTING potion of curing (39 gold, have 8).
   208 | D:1      | 208 ||| SHOPLISTING potion of heal wounds (65 gold, have
                  | 8).
   208 | D:1      | 208 ||| SHOPLISTING potion of mutation (104 gold, have 8).
   208 | D:1      | 208 ||| SHOPLISTING potion of resistance (130 gold, have
                  | 8).
   345 | D:1      | Reached skill level 3 in Ranged Weapons
   592 | D:1      | 592 ||| UPGRADING to +0 ring mail.
   602 | D:1      | 602 ||| DROPPING +0 robe.
   603 | D:1      | 603 ||| READING 3 scrolls labelled QUTWEH GUON.
   604 | D:1      | 604 ||| READING scroll labelled EMEUCL GUCVAKU.
   605 | D:1      | 605 ||| READING 2 scrolls of identify.
   605 | D:1      | 605 ||| IDENTIFYING pink potion
   606 | D:1      | 606 ||| DROPPING scroll of poison.
   648 | D:2      | 648 ||| FLEEEEING.
   750 | D:2      | Noticed Robin
   752 | D:2      | 752 ||| Stepping ~*~*~tactically~*~*~ (outnumbered).
   766 | D:2      | Reached XP level 3. HP: 9/21 MP: 4/4
   767 | D:2      | HP: 2/21 [hobgoblin[Robin] (4)]
   768 | D:2      | Slain by a hobgoblin

Levels and vault maps discovered:
D:1:      onia_arrival_mini_spirals, layout_loops_ring, serial_shops,
          nicolae_shop_tiny_statue_garden, minmay_crystal_water
D:2:      layout_loops_ring, uniq_robin, uniq_crazy_yiuf_cottage

Skill      XL: |  1  2  3 |
---------------+----------+-----
Ranged Weapons | 3 |  3.0
Fighting       | 2 |  2.0
Dodging        | |  1.5
Spellcasting   | |  1.0
Hexes          | |  2.6

Action                     || total
---------------------------++-------
   Fire: Sling             ||    57
    Use: Scroll            ||     3
 Armour: Ring mail         ||    27
  Dodge: Dodged            ||    17

Table legend:
 A = Non-vault XP
 B = Vault XP
 C = Vault XP percentage of total XP
 D = Non-vault monster count
 E = Vault monster count
 F = Vault count percentage of total count
                 A         B        C        D         E       F
            +---------+---------+-------+---------+---------+-------
      Total |      26 |      12 |  31.6 |      18 |       7 |  28.0
            +---------+---------+-------+---------+---------+-------
        D:1 |      21 |       0 |   0.0 |      15 |       0 |   0.0
        D:2 |       5 |      12 |  70.6 |       3 |       7 |  70.0
            +---------+---------+-------+---------+---------+-------
